Map: Tempio ghiacciato

Players

Jhyrachy

  • Race: Zerg Zerg
  • League: Gold

ELGAND - Winner!

  • Race: Terran Terran
  • League: Gold

VOD

Have the link to the VOD?

Description

Time

  • Played on: April 7, 2016, 9:22 a.m.
  • Length: 21:04
Show
View Real Time Build Order
Export as new Build Order

Jhyrachy Zerg 

Build Orders: Hatch First 

Get SALT Encoding   

  12  0:02  Drone  
  13  0:11  Drone  
  14  0:17  Overlord  
  14  0:36  Drone x3  
  17  1:02  Hatchery  
  16  1:04  Extractor  
  16  1:05  Drone  
  16  1:14  Spawning Pool  
  16  1:15  Drone  
  16  1:30  Drone  
  16  1:31  Drone  
  18  1:34  Overlord  
  18  1:59  Drone  
  19  2:04  Queen  
  19  2:07  Zergling x2  
  22  2:14  Queen  
  24  2:18  Drone x2  
  26  2:24  Drone  
  25  2:57  Drone x3  
  28  3:22  Drone  
  28  3:23  Drone x6  
  28  3:25  Lair  
  35  3:34  Extractor  
  35  3:35  Drone x2  
  35  3:37  Overlord x2  
  36  3:42  Extractor  
  36  3:45  Extractor  
  36  3:48  Drone x2  
  36  4:01  Zergling x2  
  36  4:02  Zergling x2  
  38  4:22  Hatchery  
  37  4:33  Roach Warren  
  35  4:39  Spine Crawler  
  31  5:05  Drone  
  31  5:07  Drone, Evolution Chamber  
  31  5:08  Drone x4  
  36  5:14  Evolution Chamber  
  36  5:21  Glial Reconstitution  
  35  5:24  Drone  
  36  5:33  Queen  
  36  5:34  Zerg Missile Weapons Level 1  
  38  5:37  Drone x4  
  38  5:39  Overlord x3  
  38  5:41  Zerg Ground Armor Level 1  
  42  5:54  Spore Crawler  
  41  5:58  Spore Crawler  
  40  6:05  Roach  
  40  6:06  Roach x10  
  61  7:27  Overseer  
  61  7:28  Overseer  
  59  7:48  Overlord x4  
  59  7:56  Spire  
  58  8:06  Queen  
  58  8:08  Drone x12  
  58  8:09  Drone x5  
  77  8:14  Zerg Missile Weapons Level 2, Zerg Ground Armor Level 2  
  77  8:17  Ravager  
  77  8:18  Ravager x9  
  87  8:21  Ravager  
  87  8:26  Spore Crawler  
  87  8:33  Spore Crawler  
  86  9:43  Extractor  
  85  9:45  Extractor  
  84  9:54  Mutalisk  
  84  9:55  Mutalisk x2  
  84  9:57  Overlord x4  
  90  10:17  Mutalisk x5  
  90  10:18  Mutalisk x2  
  104  10:36  Drone x7  
  104  10:37  Drone x4  
  104  10:40  Hatchery  
  97  11:23  Roach  
  97  11:24  Roach x3  
  81  12:37  Roach  
  81  12:38  Roach x6  
  81  12:40  Overlord x4  
  81  12:41  Overlord  
  95  12:58  Queen x3  
  101  13:21  Roach  
  101  13:22  Roach x11  
  95  13:56  Ravager  
  95  13:57  Ravager x4  
  93  14:23  Spore Crawler  
  82  14:26  Spore Crawler  
  82  14:29  Spore Crawler  
  63  14:31  Spine Crawler  
  49  14:43  Spine Crawler  
  49  14:44  Spine Crawler  
  40  15:17  Spine Crawler  
  40  15:18  Spine Crawler  
  40  15:19  Spine Crawler  
  40  15:21  Spine Crawler  
  35  15:25  Spine Crawler x2  
  35  15:27  Spine Crawler  
  32  15:29  Spine Crawler  
  32  15:30  Spine Crawler  
  32  15:35  Spore Crawler  
  29  15:37  Spore Crawler  
  28  16:46  Queen x2  
  18  17:16  Spore Crawler  
  18  17:18  Drone x3  
  18  17:34  Overlord x4  
  18  17:49  Drone x2  
  20  17:53  Drone x4  
  20  17:54  Drone x2  
  26  18:07  Spore Crawler  
  6  18:55  Drone  
  7  18:57  Drone  
  7  18:58  Drone x4  
  12  19:21  Spine Crawler  
  12  19:23  Spine Crawler  
  10  19:30  Spine Crawler  
  9  19:33  Spine Crawler  
  9  19:36  Spine Crawler  
  9  19:37  Spine Crawler  
Show
View Real Time Build Order
Export as new Build Order

ELGAND Terran - Winner!

Build Orders:  

Get SALT Encoding   

  12  0:01  SCV  
  13  0:13  SCV  
  14  0:21  Supply Depot  
  14  0:25  SCV  
  15  0:42  SCV  
  16  0:44  Barracks  
  16  0:50  Refinery  
  16  0:54  SCV  
  17  1:06  SCV  
  18  1:18  SCV  
  20  1:34  Reaper  
  20  1:36  Orbital Command  
  20  1:44  Command Center  
  20  2:03  Supply Depot  
  20  2:11  Factory  
  20  2:15  Refinery, SCV  
  21  2:28  Barracks Reactor  
  21  2:51  SCV  
  22  2:59  Starport  
  22  3:00  Orbital Command  
  22  3:01  Supply Depot  
  22  3:03  SCV  
  23  3:16  SCV  
  24  3:20  Hellion x2  
  24  3:22  Barracks Tech Lab  
  28  3:29  Supply Depot  
  29  3:34  SCV x2  
  29  3:35  Refinery  
  29  3:38  Viking  
  32  3:44  Factory  
  32  3:53  SCV x2  
  34  4:05  SCV x2  
  34  4:09  Supply Depot  
  36  4:12  Widow Mine x2  
  40  4:28  Barracks Tech Lab  
  39  4:52  SCV  
  39  4:53  SCV  
  40  5:01  Supply Depot  
  40  5:05  SCV x2  
  42  5:08  Widow Mine x2  
  46  5:14  Cloaking Field  
  46  5:16  Banshee  
  49  5:21  Engineering Bay  
  49  5:22  Armory  
  49  5:29  Refinery, SCV x2  
  51  5:41  SCV x2  
  53  5:47  Command Center  
  51  6:33  Banshee, Terran Ship Weapons Level 1  
  51  6:38  Drilling Claws  
  54  6:40  Siege Tank  
  54  6:41  Widow Mine x2  
  54  6:44  Supply Depot  
  61  7:14  Liberator  
  61  7:27  Widow Mine  
  61  7:28  Widow Mine  
  63  7:48  SCV  
  63  7:49  SCV  
  66  7:55  Orbital Command  
  66  7:56  Widow Mine x2  
  69  8:00  SCV  
  69  8:01  SCV  
  69  8:03  Siege Tank  
  69  8:04  Barracks Tech Lab  
  74  8:09  Factory  
  74  8:10  Supply Depot  
  74  8:12  Supply Depot x2, Factory  
  74  8:13  Supply Depot  
  74  8:25  SCV  
  74  8:26  SCV x2  
  77  8:32  Refinery, Supply Depot  
  77  8:33  Missile Turret, Refinery  
  77  8:37  SCV  
  77  8:38  SCV  
  77  8:39  Terran Vehicle Weapons Level 1  
  77  8:40  Armory  
  77  8:41  Siege Tank  
  82  8:43  Banshee  
  85  8:54  Barracks Reactor  
  86  9:02  SCV  
  86  9:03  SCV x2  
  88  9:15  Widow Mine x2, SCV x2  
  90  9:43  Widow Mine x2  
  94  9:51  Liberator x2  
  94  9:54  Supply Depot  
  94  9:57  Command Center, Supply Depot  
  94  10:02  Siege Tank x3  
  109  10:25  Widow Mine  
  109  10:26  Widow Mine  
  113  10:33  Liberator  
  113  10:34  Liberator  
  113  10:54  Widow Mine x2  
  115  11:22  Widow Mine  
  115  11:23  Widow Mine  
  112  11:39  Thor x2  
  114  11:40  Thor  
  114  11:42  Viking x2  
  130  11:51  Widow Mine x2  
  129  12:12  Viking x2  
  133  12:19  Widow Mine  
  133  12:20  Widow Mine  
  133  12:22  Thor x2  
  129  12:38  Thor  
  129  12:42  Viking x2  
  129  12:43  Terran Ship Weapons Level 2  
  139  12:48  Widow Mine x2  
  143  13:00  Factory x2  
  143  13:01  Factory  
  143  13:05  Widow Mine x2  
  147  13:17  Widow Mine x2  
  151  13:21  Widow Mine  
  147  13:33  Widow Mine x2  
  147  13:45  Widow Mine x2  
  148  13:49  Widow Mine  
  138  14:02  Widow Mine x2  
  136  14:14  Widow Mine  
  138  14:40  Hellion x4  
  138  14:43  Hellion  
  148  15:01  Hellion x4  
  156  15:09  Hellion  
  149  15:22  Hellion  
  149  15:23  Hellion x2  
  149  15:24  Terran Ship Weapons Level 3  
  155  15:30  Planetary Fortress  
  153  15:50  Refinery  
  153  15:51  Refinery  
  147  16:08  Factory Reactor x2  
  131  16:17  Factory Reactor  
  128  16:19  Missile Turret  
  128  16:21  Missile Turret x2  
  128  16:22  Missile Turret  
  128  16:23  Missile Turret x2  
  114  16:54  Widow Mine x8  
  132  17:08  Widow Mine  
  132  17:10  Widow Mine  
  130  17:22  Widow Mine  
  130  17:23  Widow Mine x7  
  141  17:37  Widow Mine  
  141  17:39  Widow Mine  
  145  18:07  Widow Mine  
  147  18:13  Banshee  
  120  18:53  Fusion Core  
  118  18:56  Banshee  
  121  19:04  Siege Tank x2  
  121  19:07  Hellion  
  121  19:08  Hellion x9  
  137  19:28  Hellion  
  137  19:29  Hellion x9  
  155  19:41  Siege Tank  
  156  19:47  Banshee  
  156  19:48  Siege Tank  
  127  20:14  Siege Tank  
  116  20:21  Siege Tank  
  110  20:40  Hellion x2  
Tags
 
Add a new tag
Caveats
  • Supply blocks, unpowered buildings, or Contaminate may cause inaccurate times.
  • Supply counts are checked every 10 seconds.